 Dungeon Crawl Stone Soup version 0.31-a0-1009-g454b1f1e0a (webtiles) character file.

Game seed: 13314622128515742845

198909 ouz the Warrior (level 18, -4/172 HPs)
             Began as a Yellow Draconian Shapeshifter on Nov 15, 2023.
             Was an Initiate of Gozag.
             Slain by a +4 double sword of freezing (18 damage)
             ... on level 2 of the Elven Halls on Nov 16, 2023.
             The game lasted 00:39:31 (43854 turns).

ouz the Warrior (Yellow Draconian Shapeshifter)    Turns: 43854, Time: 00:39:32

Health: -4/172     AC: 18    Str: 40    XL:     18   Next: 22%
Magic:  18/18      EV: 24    Int:  7    God:    Gozag
Gold:   235        SH:  9    Dex: 14    Spells: 17/17 levels left

rFire   + .          .
                       - Unarmed
rCold   + . .        d - +0 buckler
rNeg    + + .        (body armour unavailable)
rPois   .            S - +2 hat
rElec   .            k - +2 cloak
rCorr   +            y - -2 pair of gloves of the Lost Ghosts {Str+6}
SInv    .            K - +3 pair of boots of Altruism {Will+ Str+4}
Will    ++...        U - amulet of reflection
Stlth   ++           F - ring of Untruth {rF+ rN+ EV+5 Dex+4}
HPRegen 0.48/turn    I - ring of Tomorrow {rN+ Str+6 Int-5}
MPRegen 0.16/turn

%: reflection
@: lethally poisoned (-4 -> -26), about to teleport, maw-form, marked, bribing
[the Elven Halls]
A: devouring maw, spit acid, AC +10, unfitting armour, acidic bite,
cold-blooded, acid resistance, camouflage 1, cold resistance 1
a: Breathe Acid, Begin Untransformation, Renounce Religion, Potion Petition,
Call Merchant, Bribe Branch


You were on level 2 of the Elven Halls.
You worshipped Gozag.
Gozag was aware of your devotion.
You were a creature with a mouth for a stomach.
You visited 7 branches of the dungeon, and saw 31 of its levels.
You also visited: Sewer, Ossuary and Bailey.

You collected 13745 gold pieces.
You spent 2167 gold pieces at shops.
You paid 11343 gold pieces to Gozag.

Inventory:

Missiles
 j - 2 throwing nets
Armour
 d - a +0 buckler (worn)
 k - a +2 cloak (worn)
 y - the -2 pair of gloves of the Lost Ghosts (worn) {Str+6}
   (You bought it in a shop on level 5 of the Lair of Beasts)

   Str+6:     It affects your strength (+6).
 K - the +3 pair of boots of Altruism (worn) {Will+ Str+4}
   (You found it on level 8 of the Dungeon)

   Str+4:     It affects your strength (+4).
   Will+:     It increases your willpower.
 S - a +2 hat (worn)
Jewellery
 g - a ring of willpower
 l - an amulet of regeneration
 F - the ring of Untruth (left hand) {rF+ rN+ EV+5 Dex+4}
   (You bought it in a shop on level 7 of the Dungeon)

   [ring of evasion]

   EV+5:      It affects your evasion (+5).
   Dex+4:     It affects your dexterity (+4).
   rF+:       It protects you from fire.
   rN+:       It protects you from negative energy.
 I - the ring of Tomorrow (right hand) {rN+ Str+6 Int-5}
   (You bought it in a shop on level 2 of the Orcish Mines)

   [ring of positive energy]

   Str+6:     It affects your strength (+6).
   Int-5:     It affects your intelligence (-5).
   rN+:       It protects you from negative energy.
 U - an amulet of reflection (around neck)
Talismans
 b - a beast talisman
 c - a flux talisman
 r - a maw talisman (active)
 z - a serpent talisman
 R - a blade talisman
Wands
 t - a wand of iceblast (33)
 B - a wand of polymorph (15)
 C - a wand of mindburst (40)
 E - a wand of paralysis (22)
 G - a wand of digging (7)
 P - a wand of flame (13)
 W - a wand of acid (14)
Scrolls
 a - 17 scrolls of identify
 m - 4 scrolls of fog
 p - 4 scrolls of teleportation
 s - 3 scrolls of revelation
 v - 5 scrolls of amnesia
 x - a scroll of immolation
 A - 6 scrolls of enchant weapon
 L - a scroll of butterflies {unknown}
 V - 5 scrolls of silence
 Y - 3 scrolls of fear
Potions
 e - 3 potions of brilliance
 h - a potion of curing
 i - 4 potions of berserk rage
 n - 6 potions of might
 o - 8 potions of enlightenment
 q - 4 potions of haste
 u - 6 potions of attraction
 w - 3 potions of invisibility
 D - 2 potions of resistance
 J - a potion of heal wounds
 N - 2 potions of lignification
 O - 4 potions of ambrosia
 T - 2 potions of cancellation
 Z - a potion of magic


   Skills:
 + Level 18.1 Fighting
 + Level 15.4 Dodging
 + Level 17.7 Unarmed Combat
 - Level 16.4 Shapeshifting


You had 17 spell levels left.
You didn't know any spells.
Your spell library contained the following spells:

 Spells                   Type           Power      Damage    Failure   Level
 Magic Dart               Conj           0%         1d3       47%         1
 Necrotise                Necr           0%         1d4       47%         1
 Slow                     Hex            0%         N/A       47%         1
 Sting                    Tmut/Pois      0%         1d3       47%         1
 Call Imp                 Summ           0%         N/A       63%         2
 Sublimation of Blood     Necr           0%         N/A       63%         2
 Wereblood                Tmut           0%         N/A       63%         2
 Confusing Touch          Hex            0%         N/A       85%         3
 Dazzling Flash           Conj/Hex       0%         N/A       85%         3
 Frozen Ramparts          Ice            0%         1d1       85%         3
 Inner Flame              Hex/Fire       0%         N/A       85%         3
 Mephitic Cloud           Conj/Pois/Air  0%         N/A       85%         3
 Ozocubu's Armour         Ice            0%         N/A       85%         3
 Sigil of Binding         Hex            0%         N/A       85%         3
 Vampiric Draining        Necr           0%         2d6       85%         3
 Flame Wave               Conj/Fire      0%         2d4       99%         4
 Petrify                  Tmut/Erth      0%         N/A       99%         4
 Sticky Flame             Conj/Fire      0%         2d3       99%         4
 Vhi's Electric Charge    Tloc/Air       0%         N/A       99%         4
 Agony                    Necr           0%         N/A       100%        5
 Alistair's Intoxication  Tmut/Pois      0%         N/A       100%        5
 Arcjolt                  Conj/Air       0%         1d10      100%        5
 Borgnjor's Vile Clutch   Necr/Erth      0%         N/A       100%        5
 Irradiate                Conj/Tmut      0%         3d11      100%        5
 Iskenderun's Battlesphe  Conj           0%         2d6       100%        5
 Metabolic Englaciation   Hex/Ice        0%         N/A       100%        5
 Silence                  Hex/Air        0%         N/A       100%        5
 Summon Forest            Summ/Tloc      0%         N/A       100%        5
 Bombard                  Conj/Erth      0%         9d1       100%        6
 Haunt                    Necr/Summ      0%         N/A       100%        7
 Spellforged Servitor     Conj/Summ      0%         N/A       100%        7
 Borgnjor's Revivificati  Necr           0%         N/A       100%        8
 Infestation              Necr           0%         N/A       100%        8
 Maxwell's Capacitive Co  Air            0%         ∞         100%        8
 Animate Dead             Necr           Unusable   N/A       N/A         4
 Simulacrum               Ice/Necr       Unusable   N/A       N/A         6

Dungeon Overview and Level Annotations

Branches:
Dungeon (15/15)            Temple (1/1) D:4            Lair (5/5) D:8
  Swamp (2/4) Lair:2       Spider (4/4) Lair:3        Slime (0/5) Lair:5
    Orc (2/2) D:12            Elf (2/3) Orc:2        Vaults (0/5) D:13
  Sewer (visited)         Ossuary (visited)          Bailey (visited)
 Depths: D:15

Altars:
Ashenzari
Cheibriados
Dithmenos
Elyvilon
Fedhas
Gozag
Hepliaklqana
Kikubaaqudgha
Makhleb
Nemelex Xobeh
Okawaru
Qazlal
Ru
Sif Muna
Trog
Uskayaw
Vehumet
Wu Jian
Xom
Yredelemnul
Zin
The Shining One
Jiyva
Lugonu

Shops:
D:7 =   D:8 [   D:9 :   D:13 =!   Orc:1 ?   Orc:2 *!***   Elf:2 ?(?   Lair:1 :
Lair:3 (   Lair:5 *   Spider:3 [

Portals:
Abyss: Orc:2 Lair:5
Trove: D:14 (give +4 demon blade)


Innate Abilities, Weirdness & Mutations

You are a creature with a mouth for a stomach.
Your midsection houses a second, enormous mouth.
You can spit globs of acid.
Your golden yellow scales are hard. (AC +10)
You cannot fit into any form of body armour.
You have acidic saliva.
You are cold-blooded and may be slowed by cold attacks.
You are resistant to acid. (rCorr)
Your skin changes colour to match your surroundings (Stealth+).
Your flesh is cold resistant. (rC+)


Message History

Deactivating autopickup; reactivate with Ctrl-A.
The +4 double sword of freezing hits you!
The +4 double sword of freezing freezes you.
The +1 glaive of protection hits you from afar!!
* * * LOW HITPOINT WARNING * * *
Blink to where?
Press: ? - help, Q - select action, (/) - cycle Dir - move target, p - deep elf knight
As you read the scroll of blinking, it crumbles to dust.
The deep elf knight gestures wildly while chanting.
The deep elf knight flickers and vanishes!
Unknown command.
As you read the scroll of teleportation, it crumbles to dust.
You feel strangely unstable.
A shard of ice appears from out of thin air!
You block the shard of ice... and reflect it back!
The shard of ice hits something!!
The +2 scimitar of draining is distracted by your dazzling golden aura.
You hear a shout!
Your surroundings suddenly seem different.
You hear some strange, mumbled words.
A lance of force appears from out of thin air!
You block the lance of force... and reflect it back!
The lance of force hits something!!
Something collides with you!
* * * LOW HITPOINT WARNING * * *
The +1 glaive of protection hits you from afar!
* * * LOW HITPOINT WARNING * * *
As you read the scroll of teleportation, it crumbles to dust.
You feel strangely unstable.
A malevolent force fills the Elven Halls...
With a horrendous wail, an alarm goes off!
A sentinel's mark forms upon you.
The +2 scimitar of draining is no longer distracted by gold.
Something hits you!
* * * LOW HITPOINT WARNING * * *
You are lethally poisoned!
The +1 glaive of protection hits you from afar.
* * * LOW HITPOINT WARNING * * *
The +4 double sword of freezing hits you!!
You die...
Your body crumbles into a pile of gold.

#....# ....# # ).#..#
....# .... .....###
#.#### #...###....
.....#. #'#
##....#..... ......
..# #...........
.....e ..#
#........... .......
..#
##.??..ee.......e....
..#
#..{.................
..#
#...W................
#'#
##..(.#..............
#.#
##.((###...........#.
#'### #....#
#..........### ....#
##.$## #........## #
....## ##..##
##.........### .....#
#..$(###...........#.
.....##
#...$$#..............
......#
##...................


You could see 3 dancing weapons, a neutral deep elf blademaster (wandering) and
a neutral deep elf pyromancer (wandering).

Vanquished Creatures
  Jorgrun (D:14)
  Gastronok (Lair:2)
  A deep elf sorcerer (Elf:2)
  3 emperor scorpions (Spider:3)
  2 ghost moths (Spider:3)
  3 ghouls (Swamp:2)
  3 eleionomae
  A deep elf demonologist (Elf:1)
  A deep elf annihilator (Elf:1)
  3 spark wasps
  3 deep elf death magi
  A shambling mangrove (Swamp:2)
  7 entropy weavers
  A rakshasa (D:15)
  An ogre mage (D:15)
  A vault guard (D:13)
  11 hydras
  A radroach (Spider:1)
  A catoblepas (Lair:5)
  4 centaur warriors
  5 alligators (Swamp:2)
  12 boulder beetles
  5 ghost crabs (Swamp:1)
  Erolcha (D:13)
  8 two-headed ogres
  Erica (Orc:1)
  5 death yaks (Lair:1)
  10 dancing weapons
  3 orc high priests (Orc:2)
  2 tengu warriors
  2 emperor scorpion zombies (Spider:3)
  3 thrashing horrors (Lair:5)
  Nergalle (Lair:2)
  14 demonic crawlers
  Urug (Orc:1)
  6 deep elf knights
  A spark wasp zombie (Spider:3)
  A ghost moth zombie (Spider:3)
  2 sun moths
  A goliath frog (Swamp:1)
  2 skysharks (Lair:5)
  3 skeletal warriors (D:13)
  2 orb spiders
  5 pharaoh ants
  Amaemon (Lair:2)
  2 swamp dragons (Swamp:1)
  9 spriggan druids
  6 deep elf archers
  6 orc knights
  5 necromancers
  4 large abominations (Elf:1)
  5 steelbarb worms
  12 deep elf pyromancers
  22 ugly things
  An oklob plant (Orc:1)
  11 deep elf zephyrmancers
  2 manticores (D:14)
  3 will-o-the-wisps
  8 orc sorcerers
  2 jorogumo zombies (Spider:3)
  10 wolf spiders
  4 cyclopes
  3 elephants (Lair:5)
  3 black mambas
  2 smoke demons (Lair:5)
  A moth of wrath (Spider:3)
  An ice statue (D:15)
  4 apocalypse crabs (Swamp:1)
  An orange demon (Lair:2)
  21 cane toads
  2 torpor snails
  3 rime drakes
  A tengu conjurer (D:15)
  18 komodo dragons
  A komodo dragon (shapeshifter) (D:14)
  5 trolls
  3 meliai (Spider:3)
  16 hornets
  2 polar bears (Lair:5)
  21 tarantellas
  3 raiju (Lair:5)
  A wolf spider simulacrum (D:14)
  4 tyrant leeches
  35 blink frogs
  6 culicivoras
  8 jumping spiders
  11 slime creatures
  7 spriggans
  3 wraiths (D:12)
  55 yaks
  3 ynoxinuls (Lair:5)
  2 shadows (D:12)
  2 vampires
  2 water elementals (Elf:1)
  4 air elementals
  6 basilisks
  5 wyverns
  2 fire elementals (Elf:2)
  2 steam dragons
  Grum (D:8)
  32 redbacks
  29 vampire mosquitoes
  A chaos spawn (Lair:5)
  9 swamp worms
  4 wargs (D:12)
  An acid dragon (D:11)
  20 water moccasins
  A swamp drake (Swamp:2)
  36 orc warriors
  An ice beast (D:5)
  A black bear (D:7)
  9 ogres
  24 wolves
  6 centaurs
  3 phantoms
  The ghost of haldagan the Shooter, an amateur DEHu (D:3)
  5 elf zombies
  A kobold brigand (D:8)
  10 bullfrogs
  3 gnoll sergeants (D:11)
  3 earth elementals
  A necrophage (Swamp:2)
  26 scorpions
  13 killer bees
  24 wights
  15 small abominations (Lair:5)
  A howler monkey (D:6)
  2 electric eels (D:9)
  3 centaur zombies (Ossuary)
  3 jellies (D:13)
  13 orc priests
  Crazy Yiuf (D:2)
  5 hounds
  15 iguanas
  29 orc wizards
  A sickly merfolk siren (Sewer)
  A malarious merfolk avatar (Sewer)
  16 hell rats
  4 hound zombies (Ossuary)
  3 mummies (Ossuary)
  19 gnolls
  7 adders
  2 river rats (Sewer)
  3 white imps
  3 worms
  4 adder zombies (Ossuary)
  81 orcs
  5 endoplasms
  6 giant cockroaches
  8 hobgoblins
  4 jackals (D:1)
  9 kobolds
  9 quokkas
  8 ball pythons
  7 bats
  19 frilled lizards
  6 goblins
  5 goblin zombies (Ossuary)
  2 hobgoblin zombies (Ossuary)
  4 jackal zombies (Ossuary)
  2 kobold zombies (Ossuary)
  2 quokka zombies (Ossuary)
  24 rats
  5 rat zombies (Ossuary)
1149 creatures vanquished.

Vanquished Creatures (collateral kills)
  5 dancing weapons (Elf:2)
5 creatures vanquished.

Vanquished Creatures (others)
  A deep elf knight (Elf:2)
  2 deep elf pyromancers (Elf:2)
  A deep elf zephyrmancer (Elf:2)
  An orc priest (Orc:2)
  12 foxfires
  A lurking horror (Orc:2)
18 creatures vanquished.

Grand Total: 1172 creatures vanquished

Notes
Turn   | Place    | Note
-------+----------+-------------------------------------------
     0 | D:1      | ouz the Draconian Shapeshifter began the quest for the Orb.
     0 | D:1      | Reached XP level 1. HP: 16/16 MP: 1/1
   153 | D:1      | Reached XP level 2. HP: 23/23 MP: 2/2
   638 | D:1      | You fall into a shaft and drop 1 floor!
   768 | D:2      | Reached XP level 3. HP: 19/29 MP: 3/3
   920 | D:2      | Reached skill level 2 in Fighting
  1032 | D:2      | Reached XP level 4. HP: 28/36 MP: 4/4
  1443 | D:2      | Found a runed translucent door.
  1444 | D:2      | Noticed Crazy Yiuf
  1453 | D:2      | Killed Crazy Yiuf
  1832 | D:3      | Reached XP level 5. HP: 42/42 MP: 5/5
  1862 | D:3      | Noticed haldagan's ghost (amateur DEHu)
  1928 | D:3      | Found a runed translucent door.
  2070 | D:3      | Found a glowing drain.
  2095 | Sewer    | Entered a sewer
  2369 | Sewer    | Reached skill level 3 in Fighting
  2606 | D:3      | Reached XP level 6. HP: 41/51 MP: 6/6
  2641 | D:3      | Reached skill level 5 in Unarmed Combat
  2891 | D:3      | Found a white marble altar of Elyvilon.
  2891 | D:3      | Found a blossoming altar of Fedhas.
  2924 | D:3      | Killed haldagan's ghost
  3057 | D:4      | Identified the "Pujax"
  3227 | D:4      | Your scales start taking on a golden yellow colour.
  3227 | D:4      | Reached XP level 7. HP: 58/58 MP: 7/7
  3227 | D:4      | Gained mutation: You are resistant to acid. (rCorr) [Yellow
                  | Draconian growth]
  3407 | D:4      | Found a sparkling altar of Nemelex Xobeh.
  3407 | D:4      | Found a radiant altar of Vehumet.
  3500 | D:4      | Found a staircase to the Ecumenical Temple.
  3644 | Temple   | Entered the Ecumenical Temple
  3676 | Temple   | Became a worshipper of Gozag Ym Sagoz the Greedy
  3829 | D:5      | Entered Level 5 of the Dungeon
  3906 | D:5      | Found an iron altar of Okawaru.
  3988 | D:5      | Reached skill level 4 in Fighting
  4758 | D:5      | Reached XP level 8. HP: 32/67 MP: 8/8
  5142 | D:6      | Reached skill level 5 in Shapeshifting
  5392 | D:6      | Reached skill level 5 in Fighting
  5672 | D:6      | Found a sand-covered staircase.
  5724 | Ossuary  | Entered an ossuary
  6132 | Ossuary  | Reached skill level 5 in Dodging
  6132 | Ossuary  | Reached XP level 9. HP: 75/75 MP: 9/9
  6542 | D:6      | Gained mutation: You have a pair of small antennae on your
                  | head. [potion of mutation]
  6542 | D:6      | Gained mutation: You are frail. (-10% HP) [potion of
                  | mutation]
  6543 | D:6      | Lost mutation: You are frail. (-10% HP) [potion of
                  | mutation]
  6543 | D:6      | Lost mutation: You have a pair of small antennae on your
                  | head. [potion of mutation]
  6543 | D:6      | Gained mutation: You occasionally shout uncontrollably at
                  | your foes. [potion of mutation]
  6543 | D:6      | Gained mutation: Potions are less effective at restoring
                  | your health. [potion of mutation]
  6543 | D:6      | Lost mutation: Potions are less effective at restoring your
                  | health. [potion of mutation]
  6589 | D:7      | Found a flagged portal.
  6601 | D:7      | Reached skill level 6 in Fighting
  6611 | Bailey   | Entered a bailey
  8024 | D:8      | Found Elomioz's Armour Shoppe.
  8307 | D:8      | Noticed Grum
  8328 | D:8      | Killed Grum
  8329 | D:8      | Reached XP level 10. HP: 13/83 MP: 10/10
  8601 | D:8      | Identified the +3 pair of boots of Altruism {Will+ Str+4}
  8704 | D:8      | Found a shimmering blue altar of Sif Muna.
  8833 | D:8      | Found a staircase to the Lair.
  9336 | D:9      | Reached skill level 10 in Shapeshifting
 10033 | D:9      | Found Ujyfarr's Book Emporium.
 10359 | D:7      | Bought the ring of Untruth {rF+ rN+ EV+5 Dex+4} for 751
                  | gold pieces
 10419 | Lair:1   | Entered Level 1 of the Lair of Beasts
 10544 | Lair:1   | Identified the +7 flail of Zymal {freeze, Will+ Int+3 SInv}
 10589 | Lair:1   | Noticed a death yak
 10589 | Lair:1   | Noticed a death yak
 10589 | Lair:1   | Noticed a death yak
 10589 | Lair:1   | Noticed a death yak
 10590 | Lair:1   | Noticed a death yak
 10826 | Lair:1   | Noticed a cane toad
 10835 | Lair:1   | Killed a cane toad
 11157 | Lair:1   | Reached XP level 11. HP: 88/88 MP: 11/11
 11382 | Lair:2   | Noticed Amaemon
 11390 | Lair:2   | Killed Amaemon
 11394 | Lair:2   | Paralysed by a hornet for 3 turns
 11410 | Lair:2   | Reached skill level 7 in Fighting
 12157 | Lair:2   | Reached skill level 8 in Fighting
 12429 | Lair:2   | Noticed a six-headed hydra
 12890 | D:10     | Entered Level 10 of the Dungeon
 12908 | D:10     | Reached skill level 10 in Unarmed Combat
 14413 | D:11     | Reached skill level 9 in Fighting
 14421 | D:11     | Reached XP level 12. HP: 100/104 MP: 12/12
 15448 | D:11     | Noticed a two-headed ogre
 15452 | D:11     | Killed a two-headed ogre
 15911 | D:7      | Bought a +4 ring of protection for 432 gold pieces
 16115 | Lair:2   | Killed a six-headed hydra
 16351 | Lair:2   | Noticed Nergalle
 16366 | Lair:2   | Killed Nergalle
 16599 | Lair:2   | Noticed Gastronok
 16612 | Lair:2   | Killed Gastronok
 16613 | Lair:2   | Reached skill level 10 in Fighting
 16904 | Lair:2   | Found a staircase to the Swamp.
 17634 | Lair:3   | Reached skill level 11 in Fighting
 17681 | Lair:3   | Noticed a four-headed hydra
 17690 | Lair:3   | Killed a four-headed hydra
 17767 | Lair:3   | Found a hole to the Spider Nest.
 17816 | Lair:3   | Reached XP level 13. HP: 85/116 MP: 13/13
 18946 | Lair:4   | Reached skill level 10 in Dodging
 19210 | Lair:4   | Reached skill level 12 in Fighting
 19646 | Lair:5   | Entered Level 5 of the Lair of Beasts
 19910 | Lair:5   | Bought a pair of ancient gloves for 247 gold pieces
 19910 | Lair:5   | Identified the -2 pair of gloves of the Lost Ghosts {Str+6}
                  | (You bought it in a shop on level 5 of the Lair of Beasts)
 20863 | Lair:5   | Gained mutation: You have acidic saliva. [Yellow Draconian
                  | growth]
 20863 | Lair:5   | Reached XP level 14. HP: 106/127 MP: 14/14
 21308 | Lair:5   | Reached skill level 13 in Fighting
 21788 | Lair:5   | Found a staircase to the Slime Pits.
 22299 | Lair:5   | Found a corrupted altar of Lugonu.
 22299 | Lair:5   | Found a one-way gate to the infinite horrors of the Abyss.
 23758 | D:12     | Found a staircase to the Orcish Mines.
 24797 | D:13     | Reached skill level 14 in Fighting
 25064 | D:13     | Found a gate to the Vaults.
 25090 | D:13     | Found a viscous altar of Jiyva.
 25132 | D:13     | Noticed Erolcha
 25159 | D:13     | Killed Erolcha
 25356 | D:13     | Reached XP level 15. HP: 130/138 MP: 15/15
 25819 | D:13     | Found Vusynac's Distillery.
 26179 | D:14     | Identified the +3 buckler of the Game of Kings {Will+
                  | Int+2}
 26490 | D:14     | Found a portal to a secret trove of treasure.
 26593 | D:14     | Noticed Jorgrun
 26601 | D:14     | Killed Jorgrun
 27088 | D:15     | Entered Level 15 of the Dungeon
 27113 | D:15     | Found a frozen archway.
 27825 | D:15     | Reached skill level 15 in Unarmed Combat
 28235 | D:15     | Reached skill level 15 in Fighting
 29159 | Orc:1    | Entered Level 1 of the Orcish Mines
 29162 | Orc:1    | Noticed Erica
 29178 | Orc:1    | Killed Erica
 29333 | Orc:1    | Found Ynoabuew's Magic Scroll Shoppe.
 29402 | Orc:1    | Bought a scroll of acquirement for 572 gold pieces
 29402 | Orc:1    | Acquired 650 gold pieces
 29623 | Orc:1    | Noticed Urug
 29631 | Orc:1    | Killed Urug
 29864 | Orc:2    | Entered Level 2 of the Orcish Mines
 30153 | Orc:2    | Found Qeinkeil's Assorted Antiques.
 30258 | Orc:2    | Found Felol's General Store.
 30465 | Orc:2    | Bought a coiled marble ring for 165 gold pieces
 30465 | Orc:2    | Identified the ring of Tomorrow {rN+ Str+6 Int-5} (You
                  | bought it in a shop on level 2 of the Orcish Mines)
 30468 | Orc:2    | Found Duhae's Distillery.
 30470 | Orc:2    | Found Raolit Doha's General Store.
 30511 | Orc:2    | Found a staircase to the Elven Halls.
 30665 | Orc:2    | Reached XP level 16. HP: 145/149 MP: 16/16
 30693 | Orc:2    | Found a corrupted altar of Lugonu.
 31235 | Spider:3 | Identified the "Cax Tad"
 31235 | Elf:1    | Identified the "Peokedgh"
 31235 | Elf:1    | Entered Level 1 of the Elven Halls
 31734 | Elf:1    | Reached skill level 15 in Shapeshifting
 32479 | Elf:2    | Found Lechyelakk's Magic Scroll Emporium.
 32868 | Elf:2    | Found Ofeg Rag's Antique Weapon Emporium.
 32906 | Elf:2    | Found a huge runed translucent gate.
 32906 | Elf:2    | Found a huge runed translucent gate.
 32910 | Elf:2    | Found a huge runed translucent gate.
 32911 | Elf:2    | Found a huge runed translucent gate.
 32912 | Elf:2    | Found a huge runed translucent gate.
 33009 | Elf:2    | Paralysed by an air elemental for 1 turns
 33013 | Elf:2    | Reached skill level 16 in Fighting
 33869 | Spider:1 | Entered Level 1 of the Spider Nest
 36510 | Spider:3 | Reached XP level 17. HP: 142/160 MP: 17/17
 37765 | Spider:3 | Paralysed by a hornet for 1 turns
 37896 | Spider:3 | Reached skill level 17 in Fighting
 38906 | Spider:4 | Entered Level 4 of the Spider Nest
 39229 | Swamp:1  | Entered Level 1 of the Swamp
 40200 | Swamp:1  | Lost mutation: You occasionally shout uncontrollably at
                  | your foes. [potion of mutation]
 40200 | Swamp:1  | Gained mutation: Your system is resistant to poisons.
                  | (rPois) [potion of mutation]
 40200 | Swamp:1  | Lost mutation: Your system is resistant to poisons. (rPois)
                  | [potion of mutation]
 40200 | Swamp:1  | Gained mutation: Your skin changes colour to match your
                  | surroundings (Stealth+). [potion of mutation]
 40200 | Swamp:1  | Gained mutation: Your flesh is cold resistant. (rC+)
                  | [potion of mutation]
 40243 | Swamp:1  | Found a runed translucent door.
 41013 | Swamp:1  | Reached skill level 15 in Dodging
 41826 | Swamp:1  | Acquired 666 gold pieces
 42393 | Swamp:2  | Reached XP level 18. HP: 171/171 MP: 18/18
 42922 | Swamp:2  | Acquired 429 gold pieces
 43524 | Elf:2    | Reached skill level 18 in Fighting
 43854 | Elf:2    | Slain by a +4 double sword of freezing

Illustrated notes

Levels and vault maps discovered:
D:1:      dpeg_arrival_rooms_a, layout_basic
D:2:      layout_basic, chequers_serial_rivers_small_3, minmay_pentomino_q2,
          uniq_crazy_yiuf_cottage
D:3:      layout_rooms, gammafunk_temple_overflow_wave,
          hellmonk_ghost_happy_afterlife, gup_sewer_entry_pipe, hex_large,
          minmay_misc_feat_five, serial_bayou_crossing
D:4:      layout_rooms, gammafunk_temple_overflow_pools,
          minmay_temple_entry_poolview
D:5:      layout_basic, okawaru_trees_2
D:6:      layout_loops_ring, nicolae_ossuary_entry_monument,
          minmay_misc_feat_hallway
D:7:      layout_basic, enter_bailey_7, lemuel_flame_loot_1
D:8:      layout_loops_ring, general_overflow_altar, david_lair_shrubbed,
          serial_shops, nicolae_shop_pleasant_corner_grove, uniq_grum
D:9:      layout_irregular_city, serial_shops, nicolae_shop_crystal,
          hangedman_decor_diamond_cutter, serial_bayou_lake_a
D:10:     layout_basic, kennysheep_flooded_box
D:11:     layout_grid_maze
D:12:     layout_basic, minmay_orc_entry_temple_small, nooodl_orcs_dogs
D:13:     layout_roguey [special_room_orc], david_vaults_5, serial_shops,
          shop_fountains, jiyva_altar_1, uniq_erolcha
D:14:     layout_roguey, enter_trove_6, lemuel_nasty_fountain, uniq_jorgrun
D:15:     gammafunk_enter_depths_forms, layout_cave_pods,
          portal_ice_cave_entry_ice_statue_one
Temple:   kb_temple_of_zot
Lair:1:   lemuel_reptile_caves, layout_regular_city
Lair:2:   layout_misc_corridors, mainiacjoe_swamp_entry_angry_trees,
          serial_bayou_shore_a, uniq_amaemon, uniq_gastronok, uniq_nergalle
Lair:3:   layout_loops_ring, nicolae_spider_entry_tight_spaces,
          grunt_megastairs_5
Lair:4:   layout_roguey
Lair:5:   hellmonk_lair_end_abyssal_woods, layout_loops_ring, slime_entry_1,
          lemuel_fruit_tree
Swamp:1:  gammafunk_mikee_crab_dinner, layout_falls_marsh,
          evilmike_swamp_ruin_rubble_2
Swamp:2:  layout_basic_swamp, serial_swamp_ruin, evilmike_swamp_ruin_house_3,
          evilmike_swamp_ruin_rubble_1
Spider:1: layout_cave_pods
Spider:2: layout_chambers
Spider:3: hangedman_creepy_crawlies
Spider:4: guppyfry_spider_rune
Orc:1:    layout_diamond_mine, serial_shops, nicolae_diamond_shop,
          mines3_lemuel, uniq_urug, uniq_erica
Orc:2:    st_orc_elflike, layout_diamond_mine, amcnicky_altar_lugonu_corruption
Elf:1:    layout_rooms, minmay_elf_necromancy
Elf:2:    elven_hall_of_blades_hangedman_alternative
          [nicolae_blade_entry_diamond_columns], layout_geoelf_octagon,
          serial_shops, shop, shop, feat_on_display

Skill      XL: |  1  2  3  4  5  6  7  8  9 10 11 12 13 14 15 16 17 18 |
---------------+-------------------------------------------------------+-----
Dodging        | 2 3 4 5 7 9 10 12 13 14 15 | 15.4
Fighting       | 2 3 4 5 6 9 11 12 14 15 16 17 18 | 18.1
Unarmed Combat | 4 5 6 8 10 12 13 14 15 16 17 | 17.7
Shapeshifting  | 4 5 8 12 13 14 15 16 | 16.4

Action                     |  1- 3 |  4- 6 |  7- 9 | 10-12 | 13-15 | 16-18 || total
---------------------------+-------+-------+-------+-------+-------+-------++-------
  Melee: Unarmed           |   101 |   240 |   389 |   626 |  1370 |   839 ||  3565
         Tailslap          |    11 |    22 |    56 |    45 |   269 |   115 ||   518
         Punch             |     2 |     1 |       |       |    64 |    70 ||   137
         Constrict         |       |       |     7 |    96 |       |       ||   103
         Bite              |       |       |       |       |   139 |   100 ||   239
         Maw               |       |       |       |       |       |    32 ||    32
 Invoke: Call Merchant     |       |       |     1 |       |     4 |     3 ||     8
         Bribe Branch      |       |       |       |       |       |     1 ||     1
Ability: Breathe Acid      |       |       |     7 |       |     1 |     1 ||     9
  Evoke: Wand              |       |       |       |       |     1 |       ||     1
    Use: Scroll            |       |     6 |    11 |    10 |     9 |     9 ||    45
         Potion            |       |     1 |     5 |     4 |     8 |     4 ||    22
   Stab: Sleeping          |       |     2 |       |       |       |       ||     2
         Distracted        |       |       |       |     4 |     7 |    11 ||    22
         Invisible         |       |       |       |       |     6 |       ||     6
         Held in net/web   |       |       |       |       |       |     1 ||     1
 Armour: Skin              |    47 |    78 |   233 |   358 |   587 |   445 ||  1748
  Dodge: Dodged            |    75 |   120 |   210 |   471 |  1123 |   653 ||  2652
  Block: Buckler           |       |    27 |    35 |       |       |    42 ||   104
         Other             |       |       |       |       |   122 |   114 ||   236
         Reflection        |       |       |       |       |     5 |     7 ||    12
   Form: Anaconda          |       |       |     1 |       |       |     1 ||     2
         Flux              |       |       |       |     1 |     1 |       ||     2
         Blade             |       |       |       |       |     2 |     1 ||     3
         Maw               |       |       |       |       |       |     1 ||     1

Table legend: (Time is in decaauts)
 A = Elapsed time spent in this place.
 B = Non-inter-level travel time spent in this place.
 C = Inter-level travel time spent in this place.
 D = Time resting spent in this place.
 E = Time spent auto-exploring this place.
 F = Levels seen in this place.
 G = Mean time per level.
                   A        B        C        D        E       F      G
               +--------+--------+--------+--------+--------+-----+--------+
         Total |  43371 |  40492 |   2879 |   5328 |  29045 |  34 | 1275.6 |
       Dungeon |  18342 |  16863 |   1479 |   1425 |  13207 |  15 | 1222.8 |
        Temple |     66 |     13 |     53 |      0 |      0 |   1 |   66.0 |
          Lair |   9909 |   9281 |    628 |   1078 |   6559 |   5 | 1981.8 |
         Swamp |   3951 |   3836 |    115 |   1643 |   1699 |   2 | 1975.5 |
   Spider Nest |   5176 |   4989 |    187 |    587 |   3788 |   4 | 1294.0 |
  Orcish Mines |   2288 |   1954 |    334 |      0 |   1638 |   2 | 1144.0 |
   Elven Halls |   2644 |   2563 |     81 |    593 |   1557 |   2 | 1322.0 |
         Sewer |    475 |    475 |      0 |      0 |    260 |   1 |  475.0 |
       Ossuary |    499 |    499 |      0 |      0 |    335 |   1 |  499.0 |
        Bailey |     16 |     16 |      0 |      0 |      0 |   1 |   16.0 |
               +--------+--------+--------+--------+--------+-----+--------+

Top non-repeatable levels by time:
  Lair:5: 2934 daAuts
 Swamp:1: 2933 daAuts
Spider:3: 2502 daAuts
  Lair:1: 2429 daAuts
  Lair:2: 2250 daAuts
    D:11: 1774 daAuts
    D:15: 1695 daAuts
     D:7: 1577 daAuts
     D:8: 1506 daAuts
   Orc:2: 1505 daAuts
Spider:2: 1474 daAuts
   Elf:2: 1429 daAuts
    D:14: 1351 daAuts
  Lair:3: 1341 daAuts
     D:9: 1295 daAuts
